 Dungeon Crawl Stone Soup version 0.21-a0-82-gdb84782 (webtiles) character file.

151 BearDestroyer the Chopper (level 5, -12/41 HPs)
             Began as a Draconian Berserker on June 23, 2017.
             Was a Believer of Trog.
             Killed from afar by an orc wizard (24 damage)
             ... with an exploding inner flame
             ... hexed by the player character
             ... on level 3 of the Dungeon.
             The game lasted 00:24:26 (5970 turns).

BearDestroyer the Chopper (Draconian Berserker)     Turns: 5970, Time: 00:24:26

Health: -12/41     AC:  8    Str: 20    XL:     5   Next: 10%
Magic:  5/5        EV: 13    Int:  8    God:    Trog [**....]
Gold:   121        SH:  0    Dex: 10    Spells: 4/4 levels left

rFire    . . .     SeeInvis .   a - +0 hand axe
rCold    . . .     Gourm    .   (no shield)
rNeg     . . .     Faith    .   (armour unavailable)
rPois    .         Spirit   .   (helmet restricted)
rElec    .         Reflect  .   p - +0 cloak
rCorr    .         Harm     .   j - +1 pair of gloves
MR       .....     Rnd*Rage +   (no boots)
Stlth    +.........             (no amulet)
HPRegen  0.53/turn              (no ring)
MPRegen  0.09/turn              (no ring)

@: lethally poisoned (-12 -> -13), very slightly contaminated
A: unfitting armour, berserk 1, frail 1, regeneration 1, cold-blooded, AC +5
a: Berserk, Trog's Hand, Burn Spellbooks, Renounce Religion


You were on level 3 of the Dungeon.
You worshipped Trog.
Trog was pleased with you.
You were near starving.

You visited 1 branch of the dungeon, and saw 4 of its levels.

You collected 121 gold pieces.

Inventory:

Hand Weapons
 a - a +0 hand axe (weapon)
Armour
 j - a +1 pair of gloves (worn)
 l - a +0 pair of gloves
 p - a +0 cloak (worn)
Scrolls
 b - 3 scrolls of identify
 d - 2 scrolls of immolation
 g - a scroll of remove curse
 i - a scroll of teleportation {unknown}
 m - a scroll of random uselessness {unknown}
Potions
 c - 2 potions of heal wounds
 h - a potion of magic {unknown}
 n - 2 potions of agility {unknown}
Comestibles
 k - 4 fruits


   Skills:
 + Level 3.9 Fighting
 + Level 4.4 Axes
 + Level 3.8 Dodging
 + Level 0.6 Stealth


You had 4 spell levels left.
You didn't know any spells.

Dungeon Overview and Level Annotations

Branches:
Dungeon (4/15)
 Temple: D:4-7

Altars:


Innate Abilities, Weirdness & Mutations

Your plain brown scales are hard. (AC +5)
You cannot fit into any form of body armour.
You are cold-blooded and may be slowed by cold attacks.
You tend to lose your temper in combat.
You are frail. (-10% HP)
Your natural rate of healing is unusually fast.


Message History

You miss the orc wizard.
The orc wizard is moderately wounded.
The orc wizard hits you with a dagger.
The orc wizard hits you but does no damage.
You feel sick.
You closely miss the orc wizard.
The orc wizard is moderately wounded.
The orc wizard hits you with a dagger.
* * * LOW HITPOINT WARNING * * *
The orc wizard hits you but does no damage.
You slash the orc wizard!
The orc wizard explodes!
The fiery explosion engulfs the orc.
The orc explodes!
The fiery explosion engulfs the orc.
The orc explodes!
Trog accepts your kill. x2
The fiery explosion engulfs you!
Ouch! That really hurt!
You die...

######### #.......###
#..>......#
#.#####.#.######
#.###..........#
####.##..#.#.####§#######
##........#.#.##§§.......#
...##.......#.##§#.##.##.#
#####.....<.#.##@#.##.##.#
#.##.####.##.#.##.##o#
#.........##.#....##o# ##
####.#######.###..##.# .#
##'## #.###..##.# .#
##...## #.........# .#
##.....## #......#### <#
##.......## ###.#.##
.###....[....####....#


There were no monsters in sight!

Vanquished Creatures
  A worker ant (D:4)
  3 adders
  2 oozes
  2 worms
  3 leopard geckos
  3 orcs
  2 ball pythons
  3 giant cockroaches
  7 goblins
  13 hobgoblins
  7 jackals
  A quokka (D:3)
  6 bats
  11 frilled lizards
  4 kobolds
  8 rats
  12 plants
88 creatures vanquished.

Notes
Turn   | Place    | Note
-------+----------+-------------------------------------------
     0 | D:1      | BearDestroyer the Draconian Berserker began the quest for the Orb.
     0 | D:1      | Reached XP level 1. HP: 19/19 MP: 1/1
   765 | D:1      | Reached XP level 2. HP: 22/26 MP: 2/2
  1549 | D:1      | Reached ** piety under Trog
  1549 | D:1      | Reached XP level 3. HP: 30/33 MP: 3/3
  2093 | D:2      | Gained mutation: You are frail. (-10% HP) [potion of mutation]
  2093 | D:2      | Gained mutation: You tend to lose your temper in combat. [potion of mutation]
  2093 | D:2      | Gained mutation: Your natural rate of healing is unusually fast. [potion of mutation]
  3598 | D:2      | Reached XP level 4. HP: 36/36 MP: 4/4
  3804 | D:3      | Reached skill level 4 in Axes
  5949 | D:4      | Reached XP level 5. HP: 29/41 MP: 5/5
  5970 | D:3      | Killed from afar by an orc wizard

Vault maps used:
D:1:      tarquinn_simple_flora_water_c, minmay_misc_feat_hallway
D:2:      hex_tiny
D:3:      serial_bayou_ford_a
D:4:      uniq_crazy_yiuf_cottage, uniq_grinder

Skill      XL: |  1  2  3  4 |
---------------+-------------+-----
Dodging        | 3 |  3.8
Axes           | 4 |  4.4
Fighting       | |  3.9
Stealth        | |  0.6

Action                   |  1- 3 |  4- 6 || total
-------------------------+-------+-------++-------
Melee: Hand axe          |   490 |   287 ||   777
       Tailslap          |    92 |    39 ||   131
  Use: Scroll            |     4 |     4 ||     8
       Potion            |     1 |     1 ||     2
  Eat: Bread ration      |     2 |       ||     2
       Chunk             |       |     5 ||     5
       Royal jelly       |       |     1 ||     1
Armor: Skin              |    36 |    51 ||    87
Dodge: Dodged            |   107 |   106 ||   213
